 Dungeon Crawl Stone Soup version 0.28-a0-794-gafe8c5f9e9 (webtiles) character file.

Game seed: 4777106901648316874

16502 frimble the Grappler (level 12, -8/118 HPs)
             Began as a Troll Warper on Nov 6, 2021.
             Killed from afar by a molten gargoyle (25 damage)
             ... with a bolt of magma
             ... in a Gauntlet.
             The game lasted 00:15:44 (9333 turns).

frimble the Grappler (Troll Warper)                 Turns: 9333, Time: 00:15:45

Health: -8/118     AC: 17    Str: 22    XL:     12   Next: 10%
Magic:  10/12      EV: 10    Int: 13    God:
Gold:   681        SH:  0    Dex:  9    Spells: 9/13 levels left

rFire   . . .      SeeInvis .     - Unarmed
rCold   + . .      Faith    .   (no shield)
rNeg    . . .      Spirit   .   y - +4 troll leather armour {Snorg}
rPois   .          Reflect  .   (helmet restricted)
rElec   .          Harm     .   s - +2 cloak
rCorr   .          Rampage  .   (gloves unavailable)
Will    .....      NoTele   +   (boots unavailable)
Stlth   +.........              (no amulet)
HPRegen 2.29/turn               k - +4 ring of protection
MPRegen 0.13/turn               E - ring of protection from cold

@: no status effects
A: large, unfitting armour, claws 3, regeneration 1, shaggy fur 1, tough skin 1
a: no special abilities


You were in a Gauntlet.
You visited 1 branch of the dungeon, and saw 13 of its levels.
You also visited: Ossuary and Gauntlet.

You collected 736 gold pieces.
You spent 55 gold pieces at shops.

Inventory:

Missiles
 c - 4 boomerangs of dispersal (quivered)
Armour
 f - a +0 kite shield
 s - a +2 cloak (worn)
 y - a +4 troll leather armour (worn) {Snorg}
Jewellery
 a - a ring of ice
 k - a +4 ring of protection (left claw)
 m - a ring of positive energy
 E - a ring of protection from cold (right claw)
Wands
 i - a wand of digging (7)
 q - a wand of charming (3)
 t - a wand of paralysis (11)
 u - a wand of iceblast (38)
 A - a wand of polymorph (16)
 B - a wand of mindburst (11)
 F - a wand of acid (5)
Scrolls
 b - 7 scrolls of blinking
 d - 2 scrolls of amnesia
 e - 4 scrolls of teleportation
 l - 2 scrolls of fog
 n - a scroll of holy word
Potions
 g - 8 potions of curing
 h - 2 potions of cancellation
 j - 3 potions of flight
 o - a potion of berserk rage
 p - 2 potions of might
 r - 4 potions of attraction
 v - a potion of lignification
 w - 3 potions of haste
 x - a potion of mutation
 C - a potion of invisibility


   Skills:
 - Level 7.0 Fighting
 - Level 8.0 Throwing
 - Level 3.0 Armour
 + Level 5.5 Dodging
 + Level 5.1 Shields
 - Level 9.0 Unarmed Combat
 - Level 1.2 Spellcasting
 - Level 7.0 Translocations
 - Level 3.0 Evocations


You had 9 spell levels left.
You knew the following spells:

 Your Spells              Type           Power      Damage    Failure   Level
a - Blink                 Tloc           38%        N/A       2%          2
b - Passwall              Tmut/Erth      0%         N/A       43%         2

Your spell library contained the following spells:

 Spells                   Type           Power      Damage    Failure   Level
 Gell's Gravitas          Tloc           19%        N/A       5%          3
 Lesser Beckoning         Tloc           19%        N/A       5%          3
 Teleport Other           Tloc           19%        N/A       5%          3
 Slow                     Hex            0%         N/A       32%         1
 Sting                    Tmut/Pois      0%         1d3       32%         1
 Ensorcelled Hibernation  Hex/Ice        0%         N/A       43%         2
 Poisonous Vapours        Pois/Air       0%         N/A       43%         2
 Manifold Assault         Tloc           19%        N/A       45%         5
 Confusing Touch          Hex            0%         N/A       67%         3
 Summon Guardian Golem    Hex/Summ       0%         N/A       67%         3
 Swiftness                Air            0%         N/A       67%         3
 Tukima's Dance           Hex            0%         N/A       67%         3
 Vampiric Draining        Necr           0%         2d6       67%         3
 Olgreb's Toxic Radiance  Pois           0%         N/A       97%         4
 Invisibility             Hex            0%         N/A       100%        6
 Orb of Destruction       Conj           0%         N/A       100%        7
 Spellforged Servitor     Conj/Summ      0%         N/A       100%        7


Dungeon Overview and Level Annotations

Branches:
Dungeon (13/15)            Temple (0/1) D:6            Lair (0/6) D:8
    Orc (0/2) D:12        Ossuary (visited)         Gauntlet (1/1)
 Vaults: D:13-14

Altars:
Elyvilon
Fedhas
Hepliaklqana
Okawaru
Qazlal
Ru
Sif Muna
Trog
Vehumet
Wu Jian
Xom
Yredelemnul
Zin

Shops:
D:3 *

Annotations:
D:5 2 transporters
D:7 2 transporters, croobank's ghost, novice TeCj
D:11 1 runed translucent door, jasper's ghost, journeyman DsCA Gauntlet 9 transporters, exclusion: ice statue


Innate Abilities, Weirdness & Mutations

You are too large for most types of armour.
You have claws for hands.
Your natural rate of healing is unusually fast.
You are covered in fur. (AC +1)
You have tough skin. (AC +1)


Message History

Confirm with . or Enter, or press ? or * to list all spells.
Okay, then.
Unknown command.
You struggle against the net.
The molten gargoyle blasts magma at you!
The bolt of magma hits you!!
The gargoyle hurls a stone arrow at you.
The stone arrow hits you but does no damage.
The catoblepas breathes a plume of calcifying dust at you.
The blast of calcifying dust hits the molten gargoyle but does no damage.
The blast of calcifying dust hits the gargoyle.
The blast of calcifying dust hits the molten gargoyle.
The blast of calcifying dust hits you but does no damage.
You struggle against the net.
You feel stable enough to blink again.
The molten gargoyle blasts magma at you!
The bolt of magma hits you!
You shred the net and break free!
The molten gargoyle blasts magma at you!
The bolt of magma hits you!! The gargoyle hits you with a +0 mace!
* * * LOW HITPOINT WARNING * * *
Aiming: Corrosive Bolt
Press: ? - help, Shift-Dir - straight line, f - molten gargoyle, p - gargoyle
Aim: a molten gargoyle, wielding a +0 flail (calcifying dust, 84% to hit)
The bolt of acid hits the molten gargoyle!
The molten gargoyle seems to be corroded for longer.
The molten gargoyle is almost destroyed.
The bolt of acid hits the molten gargoyle!
The acid corrodes the molten gargoyle!
The molten gargoyle is moderately damaged.
The molten gargoyle hits you with a +0 dire flail!
* * * LOW HITPOINT WARNING * * *
You are engulfed in flames!
* * * LOW HITPOINT WARNING * * *
The molten gargoyle blasts magma at you!
The bolt of magma hits the molten gargoyle!
The molten gargoyle partially resists.
The molten gargoyle is destroyed!
The bolt of magma hits you!!
You die...

....... ##### ### ###
### ##
....###≈###≈###≈###≈##
..♣..#≈≈≈#≈≈≈#≈≈≈#≈≈≈#
...P...............≈#
....♣...♣...♣..P♣..##
...................≈##
########.#########.≈≈#
2=?©##.#.#$.=©##@#.≈##
..)##..#.##(^##§9#.##
..##...#.###.#9^9#.≈##
.##©.#.#.#©##§##.#.≈≈#
.#.^##.#.#.^9#.###.≈##
...##..#.#.Y##^.##.##
..##...#.#.##....#.≈##
##################.≈≈#
..#©....©....©#....≈##


You could see a molten gargoyle (corroded) and 2 gargoyles.

Vanquished Creatures
  Snorg (D:11)
  Erolcha (D:10)
  A hydra (D:9)
  A centaur warrior (D:11)
  3 two-headed ogres
  6 death yaks
  A wizard (Gauntlet)
  An ugly thing (D:13)
  2 gargoyles
  Maggie (D:8)
  2 trolls
  Grinder (D:6)
  8 yaks
  A wyvern (D:9)
  Grum (D:9)
  A steam dragon (D:6)
  3 vampire mosquitoes (D:10)
  2 water moccasins
  2 orc warriors
  A sky beast (D:7)
  An ice beast (D:6)
  A black bear (D:5)
  3 ogres
  2 wolves (D:9)
  10 centaurs
  4 kobold brigands
  A wyvern zombie (D:5)
  3 bullfrogs
  A scorpion (D:5)
  4 water moccasin zombies (Ossuary)
  2 gnoll sergeants
  A water moccasin skeleton (D:7)
  4 wights (D:9)
  6 killer bees
  4 electric eels (D:6)
  2 howler monkeys
  2 bullfrog zombies
  2 centaur zombies
  2 orc priests
  A jelly (D:7)
  Terence (D:2)
  4 iguanas
  6 orc wizards
  3 mummies
  22 gnolls
  A howler monkey skeleton (D:7)
  6 adders
  2 shadow imps (Gauntlet)
  A white imp (Gauntlet)
  An ufetubus (D:5)
  5 adder zombies (Ossuary)
  An adder skeleton (D:4)
  2 worms
  3 dart slugs
  22 orcs
  3 ball pythons
  3 bats
  An endoplasm (D:2)
  3 giant cockroaches
  36 goblins
  30 hobgoblins
  2 jackals (D:2)
  5 quokkas
  3 frilled lizards (D:1)
  6 gnoll zombies (Ossuary)
  3 hobgoblin zombies (Ossuary)
  26 kobolds
  5 kobold zombies (Ossuary)
  5 orc zombies (Ossuary)
  7 rats
314 creatures vanquished.

Vanquished Creatures (others)
  A molten gargoyle (Gauntlet)
  Psyche (D:9)
  An ufetubus (D:6)
3 creatures vanquished.

Grand Total: 317 creatures vanquished

Notes
Turn   | Place    | Note
-------+----------+-------------------------------------------
     0 | D:1      | frimble the Troll Warper began the quest for the Orb.
     0 | D:1      | Reached XP level 1. HP: 19/19 MP: 1/1
    57 | D:1      | Found a faded altar of an unknown god.
    67 | D:1      | Reached skill level 1 in Throwing
   202 | D:1      | Reached XP level 2. HP: 28/28 MP: 2/2
   634 | D:2      | Noticed Terence
   662 | D:2      | Killed Terence
   663 | D:2      | Reached XP level 3. HP: 25/35 MP: 3/3
   667 | D:2      | Learned a level 2 spell: Blink
  1324 | D:3      | Reached XP level 4. HP: 35/42 MP: 4/4
  1348 | D:3      | Found Raufitiu's Assorted Antiques.
  1360 | D:3      | Bought a scroll labelled PANAEN WOQAMN for 29 gold pieces
  1360 | D:3      | Bought a fizzy emerald potion for 26 gold pieces
  1614 | D:3      | Reached skill level 3 in Unarmed Combat
  1904 | D:3      | Reached XP level 5. HP: 50/50 MP: 5/5
  2029 | D:4      | Learned a level 2 spell: Passwall
  2193 | D:4      | Found a blossoming altar of Fedhas.
  2204 | D:4      | Found a hazy altar of Hepliaklqana.
  2205 | D:4      | Found a shimmering altar of Xom.
  2206 | D:4      | Noticed a spectral ugly thing
  2346 | D:4      | Noticed an ogre
  2350 | D:4      | Killed an ogre
  2401 | D:4      | Reached XP level 6. HP: 59/59 MP: 6/6
  2576 | D:4      | Found a glowing silver altar of Zin.
  2742 | D:4      | Found a basalt altar of Yredelemnul.
  2913 | D:5      | Entered Level 5 of the Dungeon
  3002 | D:5      | Reached skill level 4 in Unarmed Combat
  3035 | D:5      | Noticed a kobold demonologist
  3038 | D:5      | Found a transporter.
  3039 | D:5      | Found a transporter.
  3104 | D:5      | Reached XP level 7. HP: 66/67 MP: 7/7
  3217 | D:5      | Found a sand-covered staircase.
  3227 | Ossuary  | Entered an ossuary
  3649 | D:5      | Reached skill level 5 in Unarmed Combat
  3649 | D:5      | Reached XP level 8. HP: 57/78 MP: 8/8
  4059 | D:6      | Found a staircase to the Ecumenical Temple.
  4190 | D:6      | Noticed Grinder
  4209 | D:6      | Reached skill level 1 in Evocations
  4227 | D:6      | Killed Grinder
  4800 | D:6      | Reached skill level 5 in Throwing
  4800 | D:6      | Reached XP level 9. HP: 66/85 MP: 9/9
  5415 | D:7      | Reached skill level 6 in Unarmed Combat
  5429 | D:7      | Reached skill level 5 in Fighting
  5446 | D:7      | Noticed a moth of wrath
  5447 | D:7      | Noticed croobank's ghost (novice TeCj)
  5457 | D:7      | Found a transporter.
  5483 | D:7      | Found a transporter.
  5564 | D:7      | Found a stormy altar of Qazlal.
  5755 | D:7      | Reached skill level 5 in Translocations
  5926 | D:8      | Found a staircase to the Lair.
  5926 | D:8      | Noticed a death yak
  5998 | D:8      | Killed a death yak
  6081 | D:8      | Noticed a death yak
  6087 | D:8      | Noticed a death yak
  6087 | D:8      | Noticed a death yak
  6088 | D:8      | Noticed a death yak
  6089 | D:8      | Noticed a death yak
  6175 | D:7      | Killed a death yak
  6176 | D:7      | Reached skill level 7 in Unarmed Combat
  6176 | D:7      | Reached XP level 10. HP: 59/98 MP: 10/10
  6220 | D:8      | Noticed a six-headed hydra
  6279 | D:8      | Killed a death yak
  6322 | D:7      | Killed a death yak
  6617 | D:8      | Noticed Maggie
  6620 | D:8      | Killed Maggie
  6931 | D:8      | Killed a death yak
  6932 | D:8      | Reached skill level 8 in Unarmed Combat
  6946 | D:8      | Killed a death yak
  7235 | D:9      | Found an ornate altar of the Wu Jian Council.
  7235 | D:9      | Found a sacrificial altar of Ru.
  7237 | D:9      | Found a shimmering blue altar of Sif Muna.
  7237 | D:9      | Found a radiant altar of Vehumet.
  7238 | D:9      | Found an iron altar of Okawaru.
  7238 | D:9      | Found a white marble altar of Elyvilon.
  7249 | D:9      | Reached XP level 11. HP: 109/109 MP: 11/11
  7253 | D:9      | Found a bloodstained altar of Trog.
  7254 | D:9      | Noticed Psyche
  7273 | D:9      | Killed Psyche
  7282 | D:9      | Noticed Grum
  7292 | D:9      | Killed Grum
  7525 | D:9      | Noticed a two-headed ogre
  7548 | D:9      | Killed a two-headed ogre
  7549 | D:9      | Reached skill level 9 in Unarmed Combat
  7636 | D:9      | Noticed a two-headed ogre
  7644 | D:9      | Killed a two-headed ogre
  7645 | D:9      | Reached skill level 1 in Shields
  7776 | D:10     | Entered Level 10 of the Dungeon
  7895 | D:10     | Noticed an eight-headed hydra
  7964 | D:9      | Killed an eight-headed hydra
  8140 | D:10     | Noticed Erolcha
  8148 | D:10     | Killed Erolcha
  8450 | D:11     | Noticed Snorg
  8480 | D:11     | Killed Snorg
  8481 | D:11     | Reached skill level 1 in Armour
  8519 | D:11     | Noticed a centaur warrior
  8545 | D:11     | Killed a centaur warrior
  8551 | D:11     | Reached skill level 5 in Dodging
  8656 | D:11     | Found a runed translucent door.
  8715 | D:11     | Noticed a two-headed ogre
  8723 | D:11     | Killed a two-headed ogre
  8752 | D:11     | Noticed jasper's ghost (journeyman DsCA)
  8910 | D:11     | You fall into a shaft and drop 2 floors!
  8916 | D:13     | Noticed a red ugly thing
  8926 | D:13     | Killed a red ugly thing
  8927 | D:13     | Reached XP level 12. HP: 76/118 MP: 9/12
  8999 | D:12     | Reached skill level 5 in Shields
  9023 | D:12     | Found a gate leading to a gauntlet.
  9027 | Gauntlet | Entered a Gauntlet
  9027 | Gauntlet | Found a transporter.
  9036 | Gauntlet | Found a transporter.
  9038 | Gauntlet | Found a transporter.
  9049 | Gauntlet | Found a transporter.
  9052 | Gauntlet | Found a transporter.
  9056 | Gauntlet | Noticed a hell beast
  9059 | Gauntlet | Noticed a catoblepas
  9064 | Gauntlet | Found a transporter.
  9079 | Gauntlet | Found a transporter.
  9090 | Gauntlet | Found a transporter.
  9101 | Gauntlet | Found a transporter.
  9107 | Gauntlet | Found a transporter.
  9125 | Gauntlet | Found a transporter.
  9136 | Gauntlet | Found a transporter.
  9136 | Gauntlet | Found a transporter.
  9193 | Gauntlet | Found a transporter.
  9306 | Gauntlet | Identified the amulet of Zidiug {Spirit Contam rPois Dex-5
                  | SInv}
  9333 | Gauntlet | Killed from afar by a molten gargoyle

Illustrated notes

Levels and vault maps discovered:
D:1:      dpeg_arrival_simpleton_c, layout_rooms,
          shapermc_ecumenical_altar_venn, roderic_serpentine_path,
          minmay_misc_feat_pillars
D:2:      layout_loops_corners, kennysheep_boxes, uniq_terence
D:3:      layout_basic, serial_shops, shop, hangedman_decor_points
D:4:      minmay_chambers_of_fours, layout_loops_cross,
          regret_index_temple_of_mockery, mainiacjoe_overflow_catwalk,
          mainiacjoe_overflow_catwalk_spiral
D:5:      gammafunk_wand_slinger, layout_gridville, gup_ossuary_entry_pyramid,
          sigmund_army
D:6:      minmay_goblin_kobold_castle, layout_basic,
          minmay_temple_entry_junction_2, uniq_grinder
D:7:      layout_basic, mainiacjoe_overflow_tiny_flanked,
          gammafunk_ghost_berserking_beasts
D:8:      layout_basic, dpeg_lair_monsters, uniq_maggie
D:9:      layout_roguey, grunt_temple_overflow_open, uniq_grum, uniq_psyche
D:10:     layout_rooms, hellmonk_bongcloud_opening, uniq_erolcha
D:11:     layout_irregular_city, hellmonk_ghost_happy_afterlife, uniq_snorg
D:12:     layout_stronghold, erik_orc_3, gauntlet_entry_generic
D:13:     layout_roguey, nzn_random_ring
Gauntlet: minmay_gauntlet_77_tree [minmay_gauntlet_arena_77_hold_the_fort,
          minmay_gauntlet_arena_77_radiant_squares,
          minmay_gauntlet_arena_77_box, minmay_gauntlet_arena_77_fan,
          minmay_gauntlet_arena_77_two_lines, minmay_gauntlet_arena_77_squiggly,
          minmay_gauntlet_arena_77_tiled_triplets,
          nicolae_gauntlet_exit_dead_adventurers]

Skill      XL: |  1  2  3  4  5  6  7  8  9 10 11 12 |
---------------+-------------------------------------+-----
Throwing       | 1 2 3 4 5 6 7 8 |  8.0
Fighting       | 2 3 4 5 7 |  7.0
Unarmed Combat | 3 4 5 7 8 9 |  9.0
Translocations | 3 4 5 6 7 |  7.0
Evocations     | 3 |  3.0
Dodging        | 5 |  5.5
Shields        | 4 5 |  5.1
Armour         | 2 3 |  3.0
Spellcasting   | |  1.2

Action                   |  1- 3 |  4- 6 |  7- 9 | 10-12 || total
-------------------------+-------+-------+-------+-------++-------
Melee: Unarmed           |   107 |   154 |   444 |   416 ||  1121
       Punch             |     1 |     2 |    14 |    18 ||    35
Throw: Boomerang         |       |       |     8 |    34 ||    42
       Throwing net      |       |       |     1 |     1 ||     2
 Cast: Blink             |       |       |     1 |     9 ||    10
Evoke: Wand              |       |       |    10 |    10 ||    20
  Use: Scroll            |     2 |    10 |     5 |     9 ||    26
 Stab: Held in net/web   |       |       |     1 |       ||     1
       Sleeping          |       |       |     1 |       ||     1
Armor: Robe              |    25 |    54 |    79 |       ||   158
       Steam dragon scal |       |       |   129 |   222 ||   351
       Troll leather arm |       |       |       |    57 ||    57
Dodge: Dodged            |    39 |    74 |   207 |   218 ||   538

Table legend: (Time is in decaauts)
 A = Elapsed time spent in this place.
 B = Non-inter-level travel time spent in this place.
 C = Inter-level travel time spent in this place.
 D = Time resting spent in this place.
 E = Time spent auto-exploring this place.
 F = Levels seen in this place.
 G = Mean time per level.
                   A        B        C        D        E       F      G
               +--------+--------+--------+--------+--------+-----+--------+
         Total |   9237 |   8870 |    367 |     38 |   6427 |  15 |  615.8 |
       Dungeon |   8730 |   8363 |    367 |     38 |   6151 |  13 |  671.5 |
       Ossuary |    204 |    204 |      0 |      0 |     80 |   1 |  204.0 |
      Gauntlet |    302 |    302 |      0 |      0 |    196 |   1 |  302.0 |
               +--------+--------+--------+--------+--------+-----+--------+

Top non-repeatable levels by time:
     D:6: 1396 daAuts
     D:9: 918 daAuts
     D:4: 901 daAuts
     D:5: 860 daAuts
     D:8: 853 daAuts
     D:2: 777 daAuts
     D:7: 726 daAuts
     D:3: 709 daAuts
     D:1: 537 daAuts
    D:10: 476 daAuts
    D:11: 462 daAuts
Gauntlet: 302 daAuts
 Ossuary: 204 daAuts
    D:12: 74 daAuts
    D:13: 37 daAuts
